 Dungeon Crawl Stone Soup version 0.30-a0-620-g0e44632947 (webtiles) character file.

Game seed: 13055991522961111953

130 Dartaoz the Conjurer (level 4, 0/35 HPs)
             Began as a Draconian Conjurer on Jan 10, 2023.
             Was an Initiate of Vehumet.
             Slain by Crazy Yiuf
             ... wielding a +4 quarterstaff of chaos
              (2 damage)
             ... on level 3 of the Dungeon.
             The game lasted 00:07:30 (3601 turns).

Dartaoz the Conjurer (Draconian Conjurer)           Turns: 3601, Time: 00:07:30

Health: 0/35       AC:  6    Str:  6 (9)  XL:     4   Next: 89%
Magic:  3/8        EV: 12    Int: 19 (20) God:    Vehumet [......]
Gold:   156        SH:  0    Dex:  9 (10) Spells: 3/8 levels left

rFire   . . .      SeeInvis .    m - +2 dagger (speed)
rCold   . . .      Faith    .    (no shield)
rNeg    . . .      Spirit   .    (body armour unavailable)
rPois   .          Reflect  .    (helmet restricted)
rElec   .          Harm     .    q - +0 cloak
rCorr   .          Rampage  .    (no gloves)
Will    .....                    (no boots)
Stlth   ++                       (no amulet)
HPRegen 0.25/turn                (no ring)
MPRegen 0.11/turn                (no ring)

@: slowed, very slow
A: AC +5, unfitting armour, cold-blooded
a: Renounce Religion


You were on level 3 of the Dungeon.
You worshipped Vehumet.
Vehumet was noncommittal.
You visited 1 branch of the dungeon, and saw 3 of its levels.

You collected 156 gold pieces.

Inventory:

Hand Weapons
 c - a +0 dagger
 m - a +2 dagger of speed (weapon)
Armour
 q - a +0 cloak (worn)
Jewellery
 j - a ring of magical power
Wands
 t - a wand of roots (3)
Scrolls
 b - 5 scrolls of identify {unknown}
 e - 2 scrolls of fog {unknown}
 g - 2 scrolls of immolation {unknown}
 h - 2 scrolls of poison {unknown}
 l - a scroll of magic mapping {unknown}
 n - 2 scrolls of enchant armour {unknown}
 p - a scroll of fear {unknown}
 r - a scroll of vulnerability {unknown}
 s - a scroll of blinking {unknown}
Potions
 a - a potion of magic
 d - 2 potions of degeneration
 f - 2 potions of curing
 i - a potion of cancellation {unknown}
 k - a potion of attraction
 o - a potion of might {unknown}


   Skills:
 + Level 1.6 Fighting
 + Level 2.6 Dodging
 + Level 2.7 Stealth
 + Level 2.8 Spellcasting
 + Level 4.5 Conjurations


You had 3 spell levels left.
You knew the following spells:

 Your Spells              Type           Power      Damage    Failure   Level
a - Magic Dart            Conj           80%        1d7       2%          1
b - Searing Ray           Conj           40%        2d5       3%          2
c - Blink                 Tloc           4%         N/A       24%         2

Your spell library contained the following spells:

 Spells                   Type           Power      Damage    Failure   Level
 Beastly Appendage        Tmut           4%         N/A       16%         1
 Summon Small Mammal      Summ           8%         N/A       16%         1
 Dazzling Flash           Conj/Hex       22%        N/A       19%         3
 Wereblood                Tmut           2%         N/A       24%         2
 Call Canine Familiar     Summ           2%         N/A       43%         3
 Spider Form              Tmut/Pois      2%         N/A       43%         3
 Summon Guardian Golem    Hex/Summ       2%         N/A       43%         3
 Fulminant Prism          Conj/Hex       5%         3d7       52%         4
 Iskenderun's Mystic Bla  Conj/Tloc      11%        2d4       52%         4
 Manifold Assault         Tloc           2%         N/A       83%         4
 Storm Form               Tmut/Air       1%         N/A       100%        7


Dungeon Overview and Level Annotations

Branches:
Dungeon (3/15)

Altars:
Qazlal
Vehumet

Annotations:
D:3 Crazy Yiuf


Innate Abilities, Weirdness & Mutations

Your plain brown scales are hard. (AC +5)
You cannot fit into any form of body armour.
You are cold-blooded and may be slowed by cold attacks.


Message History

Vehumet accepts your kill.
You see here an adder corpse.
There is a stone staircase leading down here.
There is a stone staircase leading up here.
An adder comes into view.
The magic dart hits the adder.
The adder is heavily wounded.
The magic dart hits the adder.
The adder is severely wounded.
The magic dart hits the adder but does no damage.
The adder is severely wounded.
The magic dart hits the adder.
You kill the adder!
Vehumet accepts your kill.
Found a robe.
You see here a +0 robe.
You now have 156 gold pieces (gained 16).
You see here 2 stones.
Could not explore, unopened runed door.
You open the door.
Casting: Magic Dart (safe; 2% risk of failure)
Confirm with . or Enter, or press ? or * to list all spells.
Aiming: Searing Ray (safe; 3% risk of failure)
Press: ? - help, Shift-Dir - straight line, f - Crazy Yiuf
Aim: Crazy Yiuf, wielding a +4 quarterstaff of chaos, wearing a +0 cloak and carrying a wand of polymorph (8) (wandering, hasn't noticed you, 81% to hit)
The searing ray hits Crazy Yiuf.
Crazy Yiuf is lightly wounded. (Press . to maintain the ray.)
The searing ray misses Crazy Yiuf.
The searing ray misses Crazy Yiuf.
Crazy Yiuf hits you with a +4 quarterstaff of chaos!
Crazy Yiuf freezes you.
The searing ray hits Crazy Yiuf!
Crazy Yiuf is heavily wounded.
You finish channelling your searing ray.
Crazy Yiuf hits you with a +4 quarterstaff of chaos!
* * * LOW HITPOINT WARNING * * *
You feel yourself slow down.
Crazy Yiuf hits you with a +4 quarterstaff of chaos.
You die...

#.# ########..# #
#.########## #.#.# #
#..........# ##.## ##
############ ### .# .#
###♣♣♣♣♣ .#
##....♣.♣♣♣ ### .#
###......♣..♣#...#
.####.......♣♣♣♣@g...#
...##.#....♣♣ ♣♣#..)#
##.##.####♣♣ ###
......# ##.##.#
#.##.#### ###
#.##.##.# #.#
##.##.##.#########.#
.#.##.#............#


You could see Crazy Yiuf.

Vanquished Creatures
  Ijyb (D:3)
  6 adders
  A worm (D:3)
  A dart slug (D:1)
  An orc (D:3)
  8 ball pythons
  3 endoplasms
  A giant cockroach (D:3)
  2 goblins (D:2)
  7 hobgoblins
  5 kobolds
  4 quokkas
  3 bats
  2 frilled lizards
  A rat (D:1)
46 creatures vanquished.

Notes
Turn   | Place    | Note
-------+----------+-------------------------------------------
     0 | D:1      | Dartaoz the Draconian Conjurer began the quest for the Orb.
     0 | D:1      | Reached XP level 1. HP: 14/14 MP: 3/3
   401 | D:1      | Reached XP level 2. HP: 20/20 MP: 3/5
   439 | D:1      | Found a faded altar of an unknown god.
   798 | D:1      | Learned a level 2 spell: Searing Ray
  1749 | D:2      | Found a stormy altar of Qazlal.
  1860 | D:2      | Found the +3 warlock's mirror {reflect}
  1928 | D:2      | Reached XP level 3. HP: 27/27 MP: 4/6
  2281 | D:2      | Reached skill level 1 in Fighting
  2425 | D:2      | Reached XP level 4. HP: 35/35 MP: 1/7
  2520 | D:2      | Learned a level 2 spell: Blink
  2673 | D:3      | Found a radiant altar of Vehumet.
  2680 | D:3      | Became a worshipper of Vehumet
  2920 | D:3      | Found a runed translucent door.
  2921 | D:3      | Noticed Crazy Yiuf
  3211 | D:3      | Noticed Ijyb
  3236 | D:3      | Killed Ijyb
  3601 | D:3      | Slain by Crazy Yiuf

Illustrated notes

Levels and vault maps discovered:
D:1:      amcnicky_arrival_double_pillar, layout_basic,
          hellmonk_ecumenical_altar_pennies_from_heaven
D:2:      layout_loops_corners, basic_altar, minmay_increasing_density
D:3:      layout_loops_ring, nicolae_overflow_crystal_walls,
          uniq_crazy_yiuf_cottage, uniq_ijyb

Skill      XL: |  1  2  3 |
---------------+----------+-----
Stealth        | 2 |  2.7
Dodging        | 2 |  2.6
Fighting       | 1 |  1.6
Spellcasting   | |  2.8
Conjurations   | |  4.5

Action                   |  1- 3 |  4- 6 || total
-------------------------+-------+-------++-------
Melee: Unarmed           |    42 |       ||    42
       Tailslap          |     2 |       ||     2
       Dagger            |    11 |    10 ||    21
       Punch             |     2 |       ||     2
 Cast: Magic Dart        |    72 |    33 ||   105
       Searing Ray       |       |     3 ||     3
  Use: Potion            |       |     4 ||     4
Armor: Skin              |    10 |     5 ||    15
Dodge: Dodged            |    43 |     8 ||    51

Table legend: (Time is in decaauts)
 A = Elapsed time spent in this place.
 B = Non-inter-level travel time spent in this place.
 C = Inter-level travel time spent in this place.
 D = Time resting spent in this place.
 E = Time spent auto-exploring this place.
 F = Levels seen in this place.
 G = Mean time per level.
                   A        B        C        D        E       F      G
               +--------+--------+--------+--------+--------+-----+--------+
         Total |   3597 |   3510 |     87 |      0 |   3153 |   3 | 1199.0 |
       Dungeon |   3597 |   3510 |     87 |      0 |   3153 |   3 | 1199.0 |
               +--------+--------+--------+--------+--------+-----+--------+

Top non-repeatable levels by time:
     D:1: 1268 daAuts
     D:2: 1264 daAuts
     D:3: 1064 daAuts
